 Adventure DCSS version bcrawl-1.35.1 (webtiles) character file.

Game seed: 8757414975322488680

113241 wazuzu the Sneak (level 2, -2/33 HPs)
             Began as an Ent Sloth Apostle on Jan 16, 2022.
             Was an Initiate of Cheibriados.
             Slain by a sky beast (5 damage)
             ... on level 2 of the Dungeon.
             The game lasted 00:03:24 (257 turns).

wazuzu the Sneak (Ent Sloth Apostle)                 Turns: 257, Time: 00:03:25

Health: -2/33      AC:  9    Str: 20    XL:     2   Next: 20%
Magic:  3/3        EV:  6    Int: 13    God:    Cheibriados [......]
Gold:   17         SH:  7    Dex: 10    Spells: 2/3 levels left
                                        Lives:  0   Deaths: 2

rFire    . . .     SeeInvis .   a - +0 mace
rCold    . . .     Gourm    .   b - +0 medium shield
rNeg     + + +     Faith    .   (armour unavailable)
rPois    +         Spirit   .   (helmet restricted)
rElec    .         Reflect  .   (no cloak)
rCorr    .                      (gloves unavailable)
MR       .....                  (boots unavailable)
Stlth    ++........             (no amulet)
HPRegen  0.11/turn              (no ring)
MPRegen  0.08/turn              (no ring)

@: very slow
A: large, slow actions, passwall, strong branches, negative energy resistance 3,
poison resistance, slow metabolism 1, torment resistance, unbreathing, AC +9
a: Passwall, Bend Time, Renounce Religion


You were on level 2 of the Dungeon.
You worshipped Cheibriados.
Cheibriados was noncommittal.
You were not hungry.

You visited 1 branch of the dungeon, and saw 2 of its levels.

You collected 17 gold pieces.


Innate Abilities, Weirdness & Mutations

You move and act slowly.
You can pass through walls and trees.
Your branches can wield two-handed weapons with a shield.
Your thick bark is tough. (AC +9)
You are too large for most types of armour.
You are immune to negative energy. (rN+++)
Your system is resistant to poisons. (rPois)
You have a slow metabolism.
You are immune to unholy pain and torment.
You can survive without breathing.


   Skills:
 + Level 3.1 Fighting
 + Level 3.3 Maces & Flails
 - Level 3.6 Stealth
 - Level 1.5 Shields
 - Level 1.2 Spellcasting
 - Level 2.0 Hexes
 - Level 0.8 Evocations


You had 2 spell levels left.
You knew the following spells:

 Your Spells              Type           Power        Failure   Level  Hunger
a - Slow                  Hex            #.......     65%         1    None
Your spell library was empty.

Dungeon Overview and Level Annotations

Branches:
Dungeon (2/12)

Altars:

Annotations:
D:2 Terence

Inventory:

Hand Weapons
 a - a +0 mace (weapon)
Missiles
 f - 287 stones (quivered)
Armour
 b - a +0 medium shield (worn)
Wands
 c - a wand of paralysis (10)
Scrolls
 g - a scroll of remove curse {unknown}
 i - a scroll of identify
Comestibles
 e - a ration {!d}

#.# #.<.....#
#.# #.......#
#.# #.......#
#.# #.......#
#.# #.......#
###.####.......#
#......)###.####
#.###.#.# .#
#@##...... .#
#.##...#....
#.##.....##.#
#.......## .#
..##..... .
#.######## #.#
.@.


You could see Terence (sleeping).


Message History

Your Fighting skill increases to level 3!
Welcome back to level 2!
You see here a +0 dagger.
There is a stone staircase leading down, spattered with blood here.
You climb downwards.
A leopard gecko and a rat come into view.
There is a stone staircase leading up here.
The leopard gecko hisses angrily.
The rat bites you.
* * * LOW HITPOINT WARNING * * *
You block the rat's attack.
A goblin comes into view. It is wielding a +0 club.
The goblin closely misses you. The rat bites you but does no damage.
You closely miss the goblin. The leopard gecko bites you.
* * * LOW HITPOINT WARNING * * *
You block the rat's attack. The goblin hits you but does no damage.
The leopard gecko bites you but does no damage.
You block the rat's attack. The goblin hits you but does no damage.
You hit the goblin but do no damage.
The leopard gecko bites you but does no damage.
The rat bites you but does no damage. The goblin hits you but does no damage.
The leopard gecko bites you but does no damage.
You block the rat's attack.
You hit the goblin.
You kill the goblin!
Cheibriados thoroughly appreciates the change of pace.
The leopard gecko bites you.
* * * LOW HITPOINT WARNING * * *
The rat barely misses you.
The leopard gecko bites you but does no damage.
You block the rat's attack. You block the leopard gecko's attack.
The leopard gecko bites you.
* * * LOW HITPOINT WARNING * * *
You see here a +0 club.
You block the leopard gecko's attack. The leopard gecko bites you.
* * * LOW HITPOINT WARNING * * *
You block the leopard gecko's attack. You block the leopard gecko's attack.
The leopard gecko bites you but does no damage.
You block the leopard gecko's attack. The leopard gecko bites you.
* * * LOW HITPOINT WARNING * * *
Your shield prevents you from hitting the leopard gecko.
The leopard gecko bites you but does no damage.
You block the leopard gecko's attack.
You hit the leopard gecko.
The leopard gecko is lightly wounded.
The leopard gecko bites you.
* * * LOW HITPOINT WARNING * * *
The leopard gecko bites you but does no damage.
You sock the leopard gecko!
You kill the leopard gecko!
Cheibriados thoroughly appreciates the change of pace.
You hit the rat but do no damage. The rat bites you.
* * * LOW HITPOINT WARNING * * *
You block the rat's attack.
You closely miss the rat.
The rat bites you but does no damage. x2
You sock the rat!
You kill the rat!
Cheibriados appreciates the change of pace.
A sky beast comes into view.
You have encountered a dangerous foe!
The sky beast flickers out of sight!
Deactivating autopickup; reactivate with Ctrl-A.
Terence the Incautious comes into view.
He is wielding a +0 mace and wearing a +2 ring mail of poison resistance.
You miss something. Something hits you.
* * * LOW HITPOINT WARNING * * *
Something shocks you.
You die...

Action                   || total
-------------------------++-------
Melee: Mace              ||    72
 Stab: Sleeping          ||     1
Armor: Skin              ||   177
Dodge: Dodged            ||    74
Block: Medium shield     ||    88

Levels and vault maps discovered:
D:1:      ncdulo_smallfort, layout_rooms, chequers_serial_rivers_micro_d
D:2:      layout_loops_cross, okawaru_gym_becter, serial_bayou_ford_a,
          uniq_terence

Notes
Turn   | Place    | Note
-------+----------+-------------------------------------------
     0 | D:1      | wazuzu the Ent Sloth Apostle began the quest for the Orb.
     0 | D:1      | Reached XP level 1. HP: 22/22 MP: 2/2
    54 | D:1      | HP: 5/22 [dart slug/slug dart (3)]
    59 | D:1      | HP: 1/22 [leopard gecko (3)]
    63 | D:1      | Slain by a leopard gecko
   101 | D:1      | HP: 5/23 [dart slug (1)]
   103 | D:1      | Reached skill level 3 in Maces & Flails
   103 | D:1      | Reached XP level 2. HP: 8/32 MP: 3/3
   126 | D:1      | HP: 7/32 [hobgoblin (3)]
   141 | D:1      | HP: 8/32 [goblin/+0 dagger (2)]
   146 | D:1      | HP: 8/32 [goblin/+0 dagger (1)]
   151 | D:1      | HP: 7/32 [goblin/+0 dagger (1)]
   156 | D:1      | HP: 4/32 [leopard gecko (1)]
   159 | D:1      | HP: 1/32 [giant cockroach (1)]
   160 | D:1      | Slain by a leopard gecko
   161 | D:1      | Reached XP level 1. HP: -1/23 MP: 2/2
   214 | D:1      | HP: 5/23 [goblin/+0 dagger (3)]
   222 | D:1      | Reached skill level 3 in Fighting
   222 | D:1      | Reached XP level 2. HP: 9/33 MP: 3/3
   233 | D:2      | HP: 8/33 [leopard gecko (1)]
   238 | D:2      | HP: 3/33 [leopard gecko (2)]
   243 | D:2      | HP: 3/33 [leopard gecko (1)]
   254 | D:2      | Noticed a sky beast
   256 | D:2      | Noticed Terence
   257 | D:2      | HP: 3/33 [something (1)]
   257 | D:2      | Slain by a sky beast

Vanquished Creatures
  2 dart slugs (D:1)
  3 leopard geckos
  2 bats (D:1)
  A giant cockroach (D:1)
  2 goblins
  2 hobgoblins (D:1)
  A kobold (D:1)
  A quokka (D:1)
  2 rats
16 creatures vanquished.
